[Event "Titled Tuesday Blitz November 15 Early 2022"]
[White "Taboas Rodriguez, Daniel"]
[Black "Salinas Herrera, Pablo"]
[WhiteFideId "2208466"]
[BlackFideId "3407128"]
[WhiteElo "2329"]
[BlackElo "2557"]
[Result "0-1"]
[Round "04"]
[TimeControl "180+1"]
[Date "2022.11.16"]
[WhiteClock "0:00:04"]
[BlackClock "0:00:48"]

1. d4 d5 2. Nf3 Nf6 3. c4 c6 4. cxd5 cxd5 5. Nc3 Nc6 6. Bf4 Ne4 7. e3 e6 8. Bd3 g5 9. Bg3 h5 10. Nxe4 dxe4 11. Bxe4 h4 12. Be5 f6 13. Bg6+ Ke7 14. O-O Rh6 15. Be4 fxe5 16. Nxg5 exd4 17. Qf3 Ne5 18. Qf4 Bg7 19. exd4 Qxd4 20. Rad1 Qb6 21. Rfe1 Bd7 22. Bf5 Qc7 23. Rxd7+ Kxd7 0-1


[Site "https://www.chess.com"]

[Event "Titled Tuesday Blitz November 15 Early 2022"]
[White "Talibov, Shiroghlan"]
[Black "Indjic, Aleksandar"]
[WhiteFideId "13429078"]
[BlackFideId "911925"]
[WhiteElo "2261"]
[BlackElo "2592"]
[Result "0-1"]
[Round "04"]
[TimeControl "180+1"]
[Date "2022.11.15"]
[WhiteClock "0:00:34"]
[BlackClock "0:02:12"]

1. e4 e5 2. Nf3 Nc6 3. Bb5 a6 4. Ba4 Bc5 5. d3 Nge7 6. c3 d6 7. d4 exd4 8. cxd4 Bb4+ 9. Nc3 d5 10. e5 Bg4 11. a3 Ba5 12. Be3 Qd7 13. h3 Bh5 14. g4 Bg6 15. b4 Bb6 16. Rg1 f6 17. Qd2 O-O-O 18. O-O-O Qe6 19. exf6 gxf6 20. Kb2 Be4 21. Ne1 h5 22. Nf3 Bxf3 0-1


[Site "https://www.chess.com"]

[Event "Titled Tuesday Blitz November 15 Early 2022"]
[White "Tan, Jun Ying"]
[Black "Jumabayev, Rinat"]
[WhiteFideId "5710413"]
[BlackFideId "13702661"]
[WhiteElo "2089"]
[BlackElo "2561"]
[Result "0-1"]
[Round "04"]
[TimeControl "180+1"]
[Date "2022.11.16"]
[WhiteClock "0:00:27"]
[BlackClock "0:00:06"]

1. d4 Nf6 2. c4 e6 3. Nc3 Bb4 4. e3 O-O 5. Ne2 Re8 6. a3 Bf8 7. Ng3 d5 8. Be2 a5 9. O-O c6 10. cxd5 exd5 11. Qc2 Na6 12. Bf3 Nc7 13. Rd1 g6 14. e4 dxe4 15. Ncxe4 Nxe4 16. Nxe4 Bf5 17. g4 Bxe4 18. Bxe4 Qh4 19. f3 Rad8 20. Bf4 Bd6 21. Bxd6 Rxd6 22. Qc5 Rf6 23. Rd2 Nd5 24. Qc2 Nf4 25. Rf1 Rd6 26. Qd1 Kh8 27. Kh1 h5 28. gxh5 Nxh5 29. Rg2 Qf6 30. Qd2 Rxe4 31. Qh6+ Kg8 32. Qxh5 Rexd4 33. Re1 Kg7 34. Qxa5 Qxf3 35. Qe5+ Qf6 36. Qxf6+ Rxf6 37. Rf2 Rxf2 0-1


[Site "https://www.chess.com"]

[Event "Titled Tuesday Blitz November 15 Early 2022"]
[White "Tarigan, Gilbert Elroy"]
[Black "Garv Gaur"]
[WhiteFideId "7108133"]
[BlackFideId "45030839"]
[WhiteElo "2284"]
[BlackElo "1960"]
[Result "1-0"]
[Round "04"]
[TimeControl "180+1"]
[Date "2022.11.16"]
[WhiteClock "0:00:05"]
[BlackClock "0:00:06"]

1. d4 Nf6 2. Nf3 d5 3. Bf4 c5 4. e3 Nc6 5. c3 Qb6 6. Qb3 c4 7. Qc2 Bf5 8. Qc1 Nh5 9. Bg3 e6 10. Be2 h6 11. Nbd2 Nxg3 12. hxg3 Bd6 13. Bd1 Qc7 14. Bc2 b5 15. Bxf5 exf5 16. Qc2 g6 17. b3 Kf8 18. a4 cxb3 19. Qxb3 bxa4 20. Rxa4 Kg7 21. Qxd5 Rhd8 22. Qc4 Rac8 23. O-O Qd7 24. Qa2 a5 25. Rb1 Rb8 26. Rxb8 Rxb8 27. d5 Ne5 28. Rxa5 Qc7 29. c4 Nd3 30. Rb5 Rxb5 31. cxb5 Qc1+ 32. Nf1 Bc5 33. Qd2 Qb1 34. Qc3+ Kg8 35. Ne5 Nxe5 36. Qxe5 Qxb5 37. Nd2 Qd7 38. Nf3 Bd6 39. Qc3 Qa7 40. Qc1 Qa2 41. Qd1 g5 42. Qd3 Qa1+ 43. Kh2 Qf6 44. Nd4 f4 45. exf4 gxf4 46. Ne2 fxg3+ 47. fxg3 Qh4+ 48. Kg1 Qf6 49. Qf3 Qa1+ 50. Kh2 Qe5 51. Nf4 Qg5 52. Kg1 Qe5 53. Kh2 Qg5 54. Qf2 Qe5 55. Kg1 Qg5 56. Qe3 Qf5 57. Kh2 Qg5 58. Qf3 Qe5 59. Qg4+ Kh8 60. Qc8+ Kh7 61. Qg4 Kh8 62. Kh3 Kh7 63. Qh5 Qe4 64. Qxf7+ Kh8 65. Qf6+ Kg8 66. Qxd6 Qf5+ 67. Kh2 Qg4 68. Qe6+ 1-0


[Site "https://www.chess.com"]

[Event "Titled Tuesday Blitz November 15 Early 2022"]
[White "Tasev, Dejan"]
[Black "Zhigalko, Sergei"]
[WhiteFideId "936618"]
[BlackFideId "13502956"]
[WhiteElo "2256"]
[BlackElo "2662"]
[Result "1-0"]
[Round "04"]
[TimeControl "180+1"]
[Date "2022.11.16"]
[WhiteClock "0:00:17"]
[BlackClock "0:00:01"]

1. e4 c5 2. Nf3 Nc6 3. Nc3 Nf6 4. d4 cxd4 5. Nxd4 e5 6. Ndb5 d6 7. Bg5 a6 8. Na3 b5 9. Nd5 Be7 10. Bxf6 Bxf6 11. c3 Bg5 12. Nc2 Ne7 13. Nce3 O-O 14. Bd3 Be6 15. Nxe7+ Qxe7 16. Qe2 Qa7 17. O-O Bxe3 18. Qxe3 Qxe3 19. fxe3 Rab8 20. a3 Rfc8 21. Rad1 Kf8 22. Rf2 a5 23. Bb1 Ke7 24. Rfd2 Bb3 25. Bc2 Bxc2 26. Rxc2 Rc4 27. Rd5 Rxe4 28. Rcd2 Rb6 29. Kf2 Rc4 30. h3 h5 31. Kf3 f5 32. Ke2 h4 33. Kd3 Re4 34. Ke2 Ke6 35. Kf3 Rc4 36. Ke2 g5 37. Kf3 b4 38. cxb4 axb4 39. a4 b3 40. a5 Rbc6 41. Rb5 Rc2 42. Ke2 Rxd2+ 43. Kxd2 Rc2+ 44. Kd3 Rxb2 45. Kc3 Rxg2 46. Kxb3 g4 47. a6 Rg1 48. Kb2 gxh3 49. a7 Rg2+ 50. Kb3 Rg8 51. Rb8 h2 52. Rxg8 h1=Q 53. a8=Q Qb1+ 54. Ka3 Qa1+ 55. Kb3 Qxa8 56. Rxa8 Kd5 57. Kc3 Ke4 58. Kd2 Kf3 59. Rh8 Kg3 60. Ke2 f4 61. exf4 1-0


[Site "https://www.chess.com"]

[Event "Titled Tuesday Blitz November 15 Early 2022"]
[White "Terry, Renato"]
[Black "Tanenbaum, Zachary"]
[WhiteFideId "3803457"]
[BlackFideId "2060850"]
[WhiteElo "2577"]
[BlackElo "2175"]
[Result "1/2-1/2"]
[Round "04"]
[TimeControl "180+1"]
[Date "2022.11.15"]
[WhiteClock "0:00:10"]
[BlackClock "0:00:34"]

1. d4 d5 2. Nf3 Nf6 3. c4 dxc4 4. e3 a6 5. Bxc4 e6 6. O-O c5 7. dxc5 Bxc5 8. Qxd8+ Kxd8 9. Be2 Ke7 10. Nbd2 Rd8 11. Ne5 Kf8 12. Ndc4 Nbd7 13. Nd3 Be7 14. a4 b6 15. Bf3 Rb8 16. b3 Bb7 17. Bxb7 Rxb7 18. Bb2 Nc5 19. Nxc5 Bxc5 20. Rfd1 Rbd7 21. Rxd7 Rxd7 22. Rb1 Rd3 23. Bxf6 gxf6 24. Kf1 b5 25. axb5 axb5 26. Na5 Rd2 27. b4 Bb6 28. Nb3 Rc2 29. Ke1 Ke7 30. Nd2 f5 31. g3 Bc7 32. Kd1 Ra2 33. Ke1 Bd6 34. Nf3 Ra4 35. Nd4 Kf6 36. Nxb5 Rxb4 37. Rxb4 Bxb4+ 38. Ke2 Kg6 39. Nd4 Bc5 40. Nc6 Kf6 41. Na5 Bd6 42. Nc4 Bc7 43. Kf3 Kg6 44. Na3 Kf6 45. Nb5 Bb8 46. Nd4 Be5 47. Nc6 Bc3 48. h3 Kg6 49. Na7 Kf6 50. Nb5 Be5 51. Na3 Bd6 52. Nc4 Bc7 53. Ke2 Kg6 54. Kd3 Kf6 55. Kd4 Bb8 56. Kc5 Bc7 57. Kc6 Bd8 58. Kd7 Be7 59. Ke8 Bb4 60. Nb2 e5 61. Kd7 e4 62. Kc6 Be1 63. Nd1 Ke5 64. Kd7 Kf6 65. Kd6 Bb4+ 66. Kd5 Be1 67. Kd6 Bb4+ 68. Kd5 Be1 69. Kc4 Ke5 70. Kc5 Kf6 71. Kd6 1/2-1/2


[Site "https://www.chess.com"]

[Event "Titled Tuesday Blitz November 15 Early 2022"]
[White "Thiel, Thomas"]
[Black "D`Arruda, Ricardo D."]
[WhiteFideId "4615964"]
[BlackFideId "100692"]
[WhiteElo "2227"]
[BlackElo "2485"]
[Result "1-0"]
[Round "04"]
[TimeControl "180+1"]
[Date "2022.11.16"]
[WhiteClock "0:00:51"]
[BlackClock "0:00:49"]

1. e4 c5 2. Nc3 e6 3. Nge2 Nf6 4. g3 Nc6 5. Bg2 Rb8 6. O-O b5 7. d4 cxd4 8. Nxd4 Nxd4 9. Qxd4 Qb6 10. Be3 Qxd4 11. Bxd4 a6 12. e5 Ng4 13. h3 Nh6 14. g4 Bb7 15. Ne4 Be7 16. a4 b4 17. c3 b3 18. Ba7 Ra8 19. Bb6 O-O 20. a5 f6 21. exf6 gxf6 22. Nxf6+ Bxf6 23. Bxb7 Nf7 24. Bxa8 Rxa8 25. Rad1 d5 26. Rfe1 Ng5 27. Kg2 Kf7 28. Bd4 Rc8 29. Bxf6 Kxf6 30. Rd4 Rc5 31. Rb4 Rxa5 32. Rxb3 Ne4 33. Rb6 Rb5 34. Rxb5 axb5 35. Ra1 Nd6 36. Ra5 e5 37. Ra6 Ke6 38. Rb6 d4 39. cxd4 exd4 40. Kf3 Kd5 41. Rxd6+ Kc5 42. Rd7 1-0


[Site "https://www.chess.com"]

[Event "Titled Tuesday Blitz November 15 Early 2022"]
[White "Tomb, Maroun"]
[Black "Mahdavi, Reza"]
[WhiteFideId "5300398"]
[BlackFideId "12595926"]
[WhiteElo "2546"]
[BlackElo "2240"]
[Result "0-1"]
[Round "04"]
[TimeControl "180+1"]
[Date "2022.11.16"]
[WhiteClock "0:00:53"]
[BlackClock "0:02:39"]

1. e4 c5 2. Ne2 e6 3. d4 cxd4 4. Nxd4 Nc6 5. Nc3 Qc7 6. g3 a6 7. Bg2 Nf6 8. O-O Nxd4 9. Qxd4 Bc5 10. Bf4 d6 11. Qd2 h6 12. Rad1 e5 13. Be3 Bb4 14. Nd5 Nxd5 15. Qxd5 Be6 16. Qd3 Bc4 17. Bb6 Qc6 18. Qe3 Bxf1 19. Bxf1 Qxc2 20. Rc1 Qxb2 21. Rc7 O-O 22. Bc4 Rac8 23. Bxf7+ Kh8 24. Rxb7 Bc5 25. Qb3 Qxf2+ 0-1


[Site "https://www.chess.com"]

[Event "Titled Tuesday Blitz November 15 Early 2022"]
[White "Tymrakiewicz, Rafal"]
[Black "Hartikainen, Jarmo"]
[WhiteFideId "1108832"]
[BlackFideId "503134"]
[WhiteElo "2138"]
[BlackElo "2187"]
[Result "1-0"]
[Round "04"]
[TimeControl "180+1"]
[Date "2022.11.16"]
[WhiteClock "0:01:26"]
[BlackClock "0:00:04"]

1. e4 c5 2. Nf3 d6 3. d3 Nc6 4. Nbd2 g6 5. g3 Bg7 6. Bg2 e6 7. O-O Nge7 8. Re1 O-O 9. c3 b6 10. Nf1 Bb7 11. d4 cxd4 12. cxd4 Rc8 13. a3 Na5 14. Bg5 h6 15. Bd2 Nc4 16. Bc3 b5 17. N1d2 Kh7 18. Bf1 Qb6 19. Nxc4 bxc4 20. Qd2 Rfd8 21. Qf4 Rf8 22. Nd2 Bxd4 23. Nxc4 Rxc4 24. Bxc4 g5 25. Qd2 Bxc3 26. Qxc3 d5 27. exd5 Nxd5 28. Qd3+ Kg8 29. b4 Bc6 30. Rac1 Qb7 31. Ba2 Ne7 32. Rxc6 Qxc6 33. Bb1 Nd5 34. Qh7# 1-0


[Site "https://www.chess.com"]

[Event "Titled Tuesday Blitz November 15 Early 2022"]
[White "Vargas, Mauricio"]
[Black "Jiganchine, Roman"]
[WhiteFideId "4404572"]
[BlackFideId "2603667"]
[WhiteElo "2025"]
[BlackElo "2317"]
[Result "0-1"]
[Round "04"]
[TimeControl "180+1"]
[Date "2022.11.16"]
[WhiteClock "0:00:02"]
[BlackClock "0:00:12"]

1. e4 c6 2. d4 d5 3. e5 Bf5 4. g4 Bd7 5. f4 h5 6. g5 Bf5 7. h4 g6 8. Ne2 e6 9. Ng3 Ne7 10. Nd2 Nd7 11. Nf3 Bg4 12. Be2 a6 13. O-O c5 14. c3 Nc6 15. Be3 Qb6 16. b3 Be7 17. Qe1 Bxf3 18. Bxf3 cxd4 19. cxd4 Nxd4 20. Qf2 Nxf3+ 21. Qxf3 d4 22. Bf2 Kf8 23. Ne4 Kg7 24. Qd3 Rhd8 25. Rad1 Nc5 26. Qf3 Nxe4 27. Qxe4 Qc6 28. Qxc6 bxc6 29. Rxd4 Rxd4 30. Bxd4 Rd8 31. Be3 Rd3 32. Re1 Rc3 33. Re2 Kf8 34. Kf2 Ke8 35. Bd4 Rh3 36. Kg2 Rxh4 37. Bf2 Rg4+ 38. Kf3 Kd7 39. Bb6 Rh4 40. Rd2+ Kc8 41. Rc2 Kb7 42. Bf2 Rh3+ 43. Bg3 Rh1 44. Rd2 Kc8 45. Rc2 Kc7 46. Bf2 Rh3+ 47. Bg3 h4 48. Kg4 Rxg3+ 49. Kxh4 Rd3 50. Kg4 Rd7 51. Kf3 c5 52. Ke4 Kb6 53. a3 Kb5 54. Rc4 Bd8 55. a4+ Kb6 56. a5+ Kb5 57. Ra4 Rd4+ 58. Ke3 Rxa4 59. bxa4+ Kxa4 60. Kd3 Kb5 61. Kc3 c4 62. Kd4 Bxa5 63. Ke4 Bb6 64. Kf3 Bd8 65. Ke2 Kb4 66. Kd2 Kb3 67. Kc1 c3 68. Kb1 Bb6 69. Ka1 c2 70. f5 Bd4# 0-1


[Site "https://www.chess.com"]

[Event "Titled Tuesday Blitz November 15 Early 2022"]
[White "Wagner, Dennis"]
[Black "Pajeken, Jakob Leon"]
[WhiteFideId "24650684"]
[BlackFideId "12942839"]
[WhiteElo "2470"]
[BlackElo "2429"]
[Result "0-1"]
[Round "04"]
[TimeControl "180+1"]
[Date "2022.11.16"]
[WhiteClock "0:00:02"]
[BlackClock "0:00:34"]

1. d4 d5 2. c4 dxc4 3. Nf3 Nf6 4. Qa4+ Nc6 5. Nc3 Nd5 6. Qxc4 Ndb4 7. Qb3 Be6 8. Qa4 Bd7 9. Qd1 e5 10. dxe5 Bg4 11. a3 Qxd1+ 12. Kxd1 O-O-O+ 13. Bd2 Nd5 14. Kc2 Bxf3 15. gxf3 Nd4+ 16. Kd3 Nb3 17. Rd1 Nb4+ 18. Kc4 Nxd2+ 19. Rxd2 Rxd2 20. axb4 Rxb2 21. Bh3+ Kb8 22. b5 Be7 23. Nd5 Bd8 24. Re1 Bh4 25. Bd7 Bxf2 26. Rf1 Rxe2 27. Nf4 Rd2 28. Nd3 Rd8 29. Bf5 Bb6 30. f4 g6 31. Bg4 R2xd3 0-1


[Site "https://www.chess.com"]

[Event "Titled Tuesday Blitz November 15 Early 2022"]
[White "Willathgamuwa, Kevin"]
[Black "Kozak, Antoni"]
[WhiteFideId "3214168"]
[BlackFideId "21832030"]
[WhiteElo "1962"]
[BlackElo "2447"]
[Result "1/2-1/2"]
[Round "04"]
[TimeControl "180+1"]
[Date "2022.11.16"]
[WhiteClock "0:00:30"]
[BlackClock "0:00:06"]

1. e4 c6 2. Nc3 d5 3. d4 dxe4 4. Nxe4 Nf6 5. Nxf6+ exf6 6. c3 Bd6 7. Bd3 O-O 8. Qc2 Re8+ 9. Ne2 h5 10. Be3 Nd7 11. O-O-O Nf8 12. Qd2 Be6 13. c4 b5 14. c5 Bc7 15. Kb1 Ng6 16. Be4 Bxa2+ 17. Kxa2 Rxe4 18. Nc3 Re7 19. h4 Ba5 20. g4 Bxc3 21. Qxc3 Qd5+ 22. Ka1 hxg4 23. h5 Nf8 24. h6 g6 25. h7+ Kh8 26. Bh6 Ne6 27. Qg3 f5 28. Qh4 g5 29. Bxg5 Nxg5 30. Qxg5 Re6 31. Rh5 Rae8 32. Qxf5 Qxf5 33. Rxf5 f6 34. Rf4 Re1 35. Rxe1 Rxe1+ 36. Ka2 Kxh7 37. Rxf6 Rd1 38. Rf4 Rd2 39. Kb3 a5 40. Kc3 Re2 41. Rxg4 Rxf2 42. Re4 Rf6 43. Re5 Kg6 44. d5 Rf3+ 45. Kc2 cxd5 46. Rxd5 Rf5 47. Rxf5 Kxf5 48. b4 axb4 49. Kb3 Ke6 50. Kxb4 Kd7 51. Kxb5 Kc7 52. c6 Kc8 53. Kc5 Kc7 54. Kd5 Kc8 55. Kd6 Kd8 56. c7+ Kc8 57. Kc6 1/2-1/2


[Site "https://www.chess.com"]

[Event "Titled Tuesday Blitz November 15 Early 2022"]
[White "Winkels, Marcel"]
[Black "Chernov, Mikhail"]
[WhiteFideId "1003887"]
[BlackFideId "24143170"]
[WhiteElo "1900"]
[BlackElo "2113"]
[Result "0-1"]
[Round "04"]
[TimeControl "180+1"]
[Date "2022.11.16"]
[WhiteClock "0:00:04"]
[BlackClock "0:00:11"]

1. d4 d5 2. Nc3 Nf6 3. Bf4 c6 4. e3 Bf5 5. f3 h6 6. g4 Bh7 7. Qd2 Nbd7 8. O-O-O e6 9. h4 Qa5 10. Kb1 b5 11. Nxd5 Qxd2 12. Nxf6+ Nxf6 13. Rxd2 Nd5 14. Ne2 g5 15. Be5 f6 16. e4 fxe5 17. exd5 cxd5 18. dxe5 Bb4 19. Rd1 Rc8 20. Nd4 Ke7 21. Bd3 Bxd3 22. Rxd3 a6 23. c3 Bc5 24. Rd2 Rcf8 25. hxg5 hxg5 26. Rxh8 Rxh8 27. Rf2 Rh1+ 28. Kc2 Re1 29. Kd2 Rb1 30. Kc2 Re1 31. f4 Re4 32. f5 Bxd4 33. f6+ Kf7 34. cxd4 Rxd4 35. Rh2 Re4 36. Rh7+ Kf8 37. Ra7 Rxe5 38. Rxa6 Kf7 39. Rb6 Re4 40. Rxb5 Kxf6 41. b3 d4 42. a4 e5 43. a5 Re2+ 44. Kd3 Re3+ 45. Kd2 Rg3 46. a6 Rg2+ 47. Kd3 Ra2 48. Rb6+ Ke7 49. b4 Ra3+ 50. Ke4 Re3+ 51. Kd5 Ra3 52. b5 d3 53. Kxe5 Ra5 54. Rb7+ Kd8 55. a7 d2 56. Rb8+ Kc7 57. a8=Q Rxa8 58. Rxa8 d1=Q 0-1


[Site "https://www.chess.com"]

[Event "Titled Tuesday Blitz November 15 Early 2022"]
[White "Winterberg, Lukas"]
[Black "Matinian, Nikita"]
[WhiteFideId "24622702"]
[BlackFideId "24129100"]
[WhiteElo "2349"]
[BlackElo "2422"]
[Result "1-0"]
[Round "04"]
[TimeControl "180+1"]
[Date "2022.11.16"]
[WhiteClock "0:00:43"]
[BlackClock "0:00:16"]

1. d4 Nf6 2. Nf3 g6 3. c4 Bg7 4. Nc3 O-O 5. e4 d6 6. Be2 e5 7. O-O h6 8. Qc2 Nc6 9. dxe5 dxe5 10. Rd1 Nd4 11. Nxd4 exd4 12. Nd5 c5 13. Rb1 Re8 14. Bd3 a5 15. a3 Ng4 16. f4 f5 17. e5 h5 18. b4 axb4 19. axb4 cxb4 20. h3 Nh6 21. Rxb4 Nf7 22. Bb2 Be6 23. Rb5 Rc8 24. Qb3 Qh4 25. Rf1 Qg3 26. Bxd4 Nd6 27. Bf2 Qxf2+ 28. Rxf2 Nxb5 29. Qxb5 Bf8 30. Nf6+ Kf7 31. Nxe8 Rxe8 32. Qxb7+ Re7 33. Qb5 Rc7 34. Ra2 Bc5+ 35. Kh2 Be3 36. Ra8 Bxf4+ 37. g3 Bd7 38. e6+ 1-0


[Site "https://www.chess.com"]

[Event "Titled Tuesday Blitz November 15 Early 2022"]
[White "Xiong, Jeffery"]
[Black "Krzyzanowski, Marcin"]
[WhiteFideId "2047640"]
[BlackFideId "1132199"]
[WhiteElo "2725"]
[BlackElo "2435"]
[Result "0-1"]
[Round "04"]
[TimeControl "180+1"]
[Date "2022.11.15"]
[WhiteClock "0:00:15"]
[BlackClock "0:00:36"]

1. e4 d6 2. d4 Nf6 3. Nc3 c6 4. Nf3 g6 5. Be3 Bg7 6. Qd2 h6 7. Bd3 b5 8. h3 Bb7 9. a4 b4 10. Ne2 a5 11. c3 Na6 12. O-O c5 13. Ng3 bxc3 14. bxc3 cxd4 15. cxd4 Nb4 16. Bb5+ Kf8 17. d5 Rc8 18. Rac1 Nd7 19. Nd4 Nc5 20. f4 Kg8 21. Kh1 Kh7 22. f5 g5 23. f6 Bxf6 24. Rxf6 exf6 25. Rf1 Rc7 26. Qe2 Bc8 27. Qh5 Rg8 28. Qf3 Rg6 29. Nh5 Qe7 30. Ng3 g4 31. hxg4 Bxg4 32. Qf4 Nbd3 33. Bxd3 Nxd3 34. Ngf5 Qe5 35. Qxe5 fxe5 36. Nc6 Bxf5 37. Rxf5 Rb7 38. Nxa5 Rb1+ 39. Kh2 Rb2 40. Rxf7+ Kg8 41. Rf3 Rgxg2+ 42. Kh3 Rh2+ 43. Kg4 Rbg2+ 44. Rg3 h5+ 0-1


[Site "https://www.chess.com"]

[Event "Titled Tuesday Blitz November 15 Early 2022"]
[White "Yaran, Siar"]
[Black "Galchenko, Matvey"]
[WhiteFideId "6323006"]
[BlackFideId "24175480"]
[WhiteElo "2191"]
[BlackElo "2403"]
[Result "1-0"]
[Round "04"]
[TimeControl "180+1"]
[Date "2022.11.16"]
[WhiteClock "0:00:09"]
[BlackClock "0:00:29"]

1. d4 Nf6 2. c4 c5 3. d5 e6 4. Nc3 exd5 5. cxd5 d6 6. e4 g6 7. h3 Bg7 8. Nf3 O-O 9. Bd3 Re8 10. O-O Nbd7 11. Bf4 c4 12. Bc2 Nc5 13. Re1 b5 14. a3 Qb6 15. Nd4 a6 16. Nc6 Bd7 17. Bxd6 Bxc6 18. dxc6 Qxc6 19. e5 Red8 20. Qd4 Nb7 21. Rad1 Nxd6 22. exf6 Nb7 23. Be4 Rxd4 24. Bxc6 Rxd1 25. Rxd1 Rd8 26. fxg7 Rxd1+ 27. Nxd1 Nd8 28. Bd5 Kxg7 29. f4 Kf6 30. Kf2 Ke7 31. Ke3 Kd6 32. Kd4 a5 33. g4 f6 34. Ne3 h6 35. a4 bxa4 36. Nxc4+ Kc7 37. Kc5 h5 38. f5 gxf5 39. gxh5 Nb7+ 40. Bxb7 a3 41. bxa3 1-0


[Site "https://www.chess.com"]

[Event "Titled Tuesday Blitz November 15 Early 2022"]
[White "Zacurdajev, Dmitry"]
[Black "Sadubayev, Airat"]
[WhiteFideId "4196309"]
[BlackFideId "13713264"]
[WhiteElo "2179"]
[BlackElo "2160"]
[Result "1/2-1/2"]
[Round "04"]
[TimeControl "180+1"]
[Date "2022.11.16"]
[WhiteClock "0:00:06"]
[BlackClock "0:00:17"]

1. d4 d5 2. c4 c6 3. Nc3 Nf6 4. Nf3 e6 5. Bg5 Qa5 6. cxd5 Nxd5 7. Bd2 Bb4 8. Nxd5 exd5 9. Bxb4 Qxb4+ 10. Qd2 Qxd2+ 11. Kxd2 Bf5 12. e3 Nd7 13. Be2 Ke7 14. b4 Bg4 15. a4 Nf6 16. Ne5 Ne4+ 17. Ke1 Bxe2 18. Kxe2 Nd6 19. Kd3 a6 20. Rhb1 f6 21. Nf3 Nc4 22. b5 cxb5 23. axb5 a5 24. Nd2 Rhc8 25. Nxc4 Rxc4 26. Rc1 Rxc1 27. Rxc1 Kd6 28. Rc5 f5 29. Kc3 g6 30. h4 a4 31. Kb2 a3+ 32. Ka2 Ra5 33. g3 Ra8 34. b6 Ra6 35. Rc7 Rxb6 36. Rxh7 Ke6 37. h5 Kf6 38. Rh6 Rb2+ 39. Kxa3 Rxf2 40. Rxg6+ Kf7 41. Rg5 Kf6 42. Rg6+ Kf7 43. Rb6 Rf3 44. Rxb7+ Kf6 45. h6 Rxe3+ 46. Kb4 Rxg3 47. h7 Rh3 48. Kc5 f4 49. Kxd5 f3 50. Rb8 Rxh7 51. Rb2 Kf5 52. Rf2 Kf4 53. Kc5 Ke3 54. Rf1 Ke2 55. Ra1 f2 56. d5 Rh3 57. d6 Rd3 58. Ra2+ Rd2 59. Ra1 Rd1 60. Ra2+ Rd2 61. Ra1 Rd1 62. Ra2+ Ke1 63. Rxf2 Kxf2 64. Kc6 Ke3 65. d7 Ke4 66. Kc7 Ke5 67. d8=Q Rxd8 68. Kxd8 1/2-1/2


[Site "https://www.chess.com"]

[Event "Titled Tuesday Blitz November 15 Early 2022"]
[White "Zanette, Edgard Vinicius"]
[Black "Guzman, Christopher"]
[WhiteFideId "2109263"]
[BlackFideId "6405096"]
[WhiteElo "2211"]
[BlackElo "2272"]
[Result "1-0"]
[Round "04"]
[TimeControl "180+1"]
[Date "2022.11.16"]
[WhiteClock "0:00:13"]
[BlackClock "0:01:32"]

1. e4 c6 2. d4 d5 3. e5 Bf5 4. h4 h5 5. c4 e6 6. Nc3 Ne7 7. Bd3 Bxd3 8. Qxd3 dxc4 9. Qxc4 Nd5 10. Nge2 Be7 11. Ne4 Nd7 12. Bg5 N7b6 13. Qb3 f6 14. exf6 gxf6 15. Bd2 Qc7 16. Rc1 O-O-O 17. a4 Nd7 18. N2c3 Nxc3 19. Nxc3 e5 20. Nd5 Qd6 21. Bb4 c5 22. Nxe7+ Qxe7 23. Bxc5 Nxc5 24. Rxc5+ Kb8 25. O-O exd4 26. Qg3+ Qd6 27. Qxd6+ Rxd6 28. Rd1 Re8 29. Kf1 d3 30. Rc3 Red8 31. Rd2 a6 32. f3 Ka7 33. Kf2 Kb6 34. Ke3 Re8+ 35. Kf2 Red8 36. Ke3 Re8+ 37. Kf2 Rd4 38. Rcxd3 Rxh4 39. Rd6+ Ka7 40. Rxf6 Rxa4 41. Rh6 h4 42. Rh7 Rb4 43. Kg1 Re1+ 44. Kh2 Rb1 45. Kh3 a5 46. Rxh4 R1xb2 47. Rxb2 Rxb2 48. f4 a4 49. f5 b5 50. f6 1-0


[Site "https://www.chess.com"]

[Event "Titled Tuesday Blitz November 15 Early 2022"]
[White "Zhao, Jun"]
[Black "Harsha Bharathakoti"]
[WhiteFideId "8602522"]
[BlackFideId "5078776"]
[WhiteElo "2547"]
[BlackElo "2523"]
[Result "0-1"]
[Round "04"]
[TimeControl "180+1"]
[Date "2022.11.15"]
[WhiteClock "0:00:07"]
[BlackClock "0:00:17"]

1. c4 Nf6 2. Nc3 g6 3. e4 d6 4. d4 Bg7 5. Nf3 O-O 6. Be2 e5 7. d5 Na6 8. a3 Nc5 9. Nd2 a5 10. b3 Nh5 11. O-O Nf4 12. Bf3 Ncd3 13. Qc2 Qg5 14. g3 Nh3+ 15. Kg2 Nhxf2 16. h4 Qe3 17. Kh2 Ne1 18. Rxe1 Qxe1 19. Ne2 Ng4+ 20. Bxg4 Bxg4 21. Ng1 Qf2+ 22. Kh1 Qxg3 23. Nf1 Qxh4+ 24. Nh2 f5 25. Be3 fxe4 26. c5 Bf3+ 27. Nxf3 Rxf3 28. Bg1 Raf8 29. cxd6 cxd6 30. Qc7 e3 31. Qxd6 e2 32. Qe6+ Kh8 0-1


[Site "https://www.chess.com"]

[Event "Titled Tuesday Blitz November 15 Early 2022"]
[White "Zivkovic, Nemanja"]
[Black "Stankovic, Ivan G"]
[WhiteFideId "942154"]
[BlackFideId "902837"]
[WhiteElo "2372"]
[BlackElo "2226"]
[Result "1-0"]
[Round "04"]
[TimeControl "180+1"]
[Date "2022.11.16"]
[WhiteClock "0:00:16"]
[BlackClock "0:00:11"]

1. b3 d5 2. Bb2 Nf6 3. Nf3 g6 4. c4 Bg7 5. cxd5 O-O 6. g3 Nxd5 7. Qc1 Nf6 8. Bg2 c6 9. Na3 a5 10. Nc4 a4 11. O-O Nbd7 12. b4 Nb6 13. Nce5 Be6 14. a3 Nfd7 15. Nxd7 Qxd7 16. Bxg7 Kxg7 17. Qc3+ Kg8 18. Ne5 Qd8 19. Rac1 Nd7 20. Nd3 Nf6 21. Nf4 Bd5 22. f3 Qd7 23. d4 Rad8 24. e3 Bb3 25. Nd3 Nd5 26. Qd2 Qe6 27. Rfe1 Qc8 28. Nc5 e5 29. Nxb3 axb3 30. dxe5 Nf4 31. Qb2 Nd3 32. Qxb3 Nxe1 33. Rxe1 Rd2 34. f4 Qd7 35. a4 Rd8 36. b5 cxb5 37. axb5 b6 38. Qc4 Rb2 39. Re2 Qd1+ 40. Bf1 Rdd2 41. Kf2 Rxe2+ 42. Bxe2 Qh1 43. h4 Qh2+ 44. Kf3 Qh1+ 45. Kf2 Qh2+ 46. Kf3 Kg7 47. e6 fxe6 48. Qd4+ Kh6 49. Qxb2 Qh1+ 50. Kf2 Qh2+ 51. Ke1 Qxg3+ 52. Kd2 Qxh4 53. Qd4 Qe7 54. Qxb6 Kg7 55. Qd4+ Kf7 56. b6 h5 57. Bf3 h4 58. b7 Qe8 59. Qd6 h3 60. b8=Q 1-0


[Site "https://www.chess.com"]

[Event "Titled Tuesday Blitz November 15 Early 2022"]
[White "parintele_chess"]
[Black "Avila Rodriguez, Joshua Ad"]
[BlackFideId "5126444"]
[WhiteElo "2220"]
[BlackElo "2125"]
[Result "0-1"]
[Round "04"]
[TimeControl "180+1"]
[Date "2022.11.16"]
[WhiteClock "0:00:01"]
[BlackClock "0:01:24"]

1. d4 Nf6 2. Bf4 d5 3. Nf3 c5 4. e3 Nc6 5. Nbd2 cxd4 6. exd4 Bf5 7. c3 e6 8. Bb5 Bd6 9. Ne5 Rc8 10. Qa4 O-O 11. Bxc6 bxc6 12. Qxa7 Nh5 13. Bg3 Nxg3 14. hxg3 Ra8 15. Qb7 Bxe5 16. dxe5 Rb8 17. Qxc6 Rxb2 18. Qa6 Qc7 19. Rc1 Qc5 20. Qe2 Ra8 21. g4 Bg6 22. f4 Raxa2 23. Rd1 Bc2 24. f5 Bxd1 0-1


[Site "https://www.chess.com"]